 Dungeon Crawl Stone Soup version 0.26.1-11-gd32895ea62 (webtiles) character file.

Game seed: 4179350347432998938

112 Descartes the Ruffian (level 4, -10/41 HPs)
             Began as a Troll Warper on May 30, 2021.
             Mangled by Sigmund
             ... wielding a +0 scythe
              (12 damage)
             ... on level 2 of the Dungeon.
             The game lasted 00:03:53 (958 turns).

Descartes the Ruffian (Troll Warper)                 Turns: 958, Time: 00:03:54

Health: -10/41     AC:  8    Str: 19    XL:     4   Next: 64%
Magic:  4/4        EV: 10    Int:  9    God:
Gold:   23         SH:  0    Dex: 10    Spells: 5/5 levels left

rFire    . . .     SeeInvis .     - Unarmed
rCold    . . .     Faith    .   (no shield)
rNeg     . . .     Spirit   .   o - +2 robe
rPois    .         Reflect  .   (helmet restricted)
rElec    .         Harm     .   (no cloak)
rCorr    .         Rampage  .   (gloves unavailable)
Will     .....                  (boots unavailable)
Stlth    +.........             (no amulet)
HPRegen  0.53/turn              (no ring)
MPRegen  0.09/turn              (no ring)

@: no status effects
A: large, unfitting armour, claws 3, regeneration 1, shaggy fur 1, tough skin 3
a: no special abilities


You were on level 2 of the Dungeon.
You visited 1 branch of the dungeon, and saw 2 of its levels.

You collected 23 gold pieces.

Inventory:

Hand Weapons
 q - a +0 dagger of venom
Missiles
 b - 37 poisoned darts
 d - 5 boomerangs of dispersal (quivered)
 f - 64 stones
 k - 21 sling bullets
 m - 3 atropa-tipped darts
Armour
 a - a +0 robe
 o - a +2 robe (worn)
Scrolls
 c - a scroll of blinking
 g - 4 scrolls of teleportation {unknown}
 h - a scroll of magic mapping {unknown}
 i - a scroll of fear {unknown}
 j - 2 scrolls of noise {unknown}
 l - a scroll of remove curse {unknown}
 n - a scroll of enchant weapon {unknown}
 s - 2 scrolls of enchant armour {unknown}
Potions
 e - a potion of haste {unknown}
 p - a potion of degeneration {unknown}
 r - a potion of attraction {unknown}


   Skills:
 - Level 1.5 Fighting
 - Level 0.8 Throwing
 + Level 1.5 Armour
 + Level 2.6 Dodging
 + Level 2.9 Unarmed Combat
 - Level 1.2 Spellcasting
 + Level 2.7 Translocations


You had 5 spell levels left.
You didn't know any spells.
Your spell library contained the following spells:

 Spells                   Type           Power        Failure   Level
 Blink                    Tloc           N/A          17%         2
 Gell's Gravitas          Tloc           2%           34%         3
 Lesser Beckoning         Tloc           2%           34%         3
 Teleport Other           Tloc           5%           34%         3
 Passage of Golubria      Tloc           N/A          75%         4


Dungeon Overview and Level Annotations

Branches:
Dungeon (2/15)

Altars:
Dithmenos

Annotations:
D:2 Sigmund


Innate Abilities, Weirdness & Mutations

You are too large for most types of armour.
You have claws for hands.
Your natural rate of healing is unusually fast.
You are covered in fur. (AC +1)
You have extremely tough skin. (AC +3)


Message History

You kill the leopard gecko!
Something hits you.
* * * LOW HITPOINT WARNING * * *
You barely miss the bat. The bat barely misses you.
You scratch the bat.
You kill the bat!
Something hits you but does no damage.
There is a stone staircase leading down here.
You closely miss the goblin. The goblin hits you but does no damage.
Something hits you.
* * * LOW HITPOINT WARNING * * *
You claw the goblin!
You kill the goblin!
Something hits you!
* * * LOW HITPOINT WARNING * * *
You see here a cursed -3 dagger.
You miss something. Something hits you but does no damage.
You barely miss something. You scratch something. Something hits you!
You die...

.....##.†............
..####..###..........
..# #.#.......#
..##.....##.#..#
.....#.####....######
..##...# #..#......#
.....### #.###.?...#
.##..# ...# #.>...#
###.... ...## ##@...#
. ....###...# #....#
.. ..... ..#
#####!...##... ...##
#.....†....... .....
#..###.....#... ##...
... #.....## .. ..#..
. ....b.##### # ...
....## ... .....


There were no monsters in sight!

Vanquished Creatures
  Jessica (D:2)
  A worker ant zombie (D:2)
  3 adders (D:2)
  2 dart slugs (D:1)
  4 leopard geckos
  5 bats
  A bat skeleton (D:2)
  A giant cockroach (D:2)
  6 goblins
  2 hobgoblins
  A ball python (D:1)
  3 frilled lizards
  6 kobolds
  A leopard gecko skeleton (D:2)
  5 rats
42 creatures vanquished.

Notes
Turn   | Place    | Note
-------+----------+-------------------------------------------
     0 | D:1      | Descartes the Troll Warper began the quest for the Orb.
     0 | D:1      | Reached XP level 1. HP: 19/19 MP: 1/1
   198 | D:1      | Reached XP level 2. HP: 27/27 MP: 2/2
   560 | D:2      | Noticed Jessica
   563 | D:2      | Killed Jessica
   564 | D:2      | Reached skill level 1 in Armour
   564 | D:2      | Reached XP level 3. HP: 33/33 MP: 3/3
   664 | D:2      | Reached XP level 4. HP: 30/41 MP: 4/4
   719 | D:2      | Found a shadowy altar of Dithmenos.
   926 | D:2      | Noticed Sigmund
   955 | D:2      | HP: 1/41 [something (7)]
   958 | D:2      | Mangled by Sigmund

Illustrated notes

Levels and vault maps discovered:
D:1:      erik_arrival_blinker_ship, layout_rooms, minivault_27
D:2:      layout_rooms, grunt_dithmenos_smoke_and_mirrors, serial_undead,
          serial_undead_f, serial_undead_e, serial_undead_b, serial_undead_c,
          chequers_ecumenical_altar_simple_redux, uniq_sigmund, uniq_jessica,
          uniq_crazy_yiuf_cottage

Skill      XL: |  1  2 |
---------------+-------+-----
Dodging        | 2 |  2.6
Armour         | 1 |  1.5
Fighting       | |  1.5
Throwing       | |  0.8
Unarmed Combat | |  2.9
Spellcasting   | |  1.2
Translocations | |  2.7

Action                   |  1- 3 |  4- 6 || total
-------------------------+-------+-------++-------
Melee: Unarmed           |    57 |    45 ||   102
Armor: Robe              |    20 |    28 ||    48
Dodge: Dodged            |    29 |    25 ||    54
